 Dungeon Crawl Stone Soup version 0.25.1-2-g60ff931 (webtiles) character file.

Game seed: 14517577469465728454

22575 Balder the Blocker (level 13, -1/79 HPs)
             Began as a Gargoyle Fighter on Sept 22, 2020.
             Was a High Priest of Okawaru.
             Slain by a manticore (8 damage)
             ... summoned by Kirke
             ... on level 4 of the Lair of Beasts.
             The game lasted 01:10:21 (12885 turns).

Balder the Blocker (Gargoyle Fighter)              Turns: 12885, Time: 01:10:23

Health: -1/79      AC:  0    Str: 20      XL:     13   Next: 1%
Magic:  14/16      EV: 18    Int:  9 (10) God:    Okawaru [*****.]
Gold:   613        SH:  0    Dex: 13      Spells: 12/12 levels left

rFire    . . .     SeeInvis .     - Unarmed
rCold    . . .     Gourm    .   (shield currently unavailable)
rNeg     + . .     Faith    .   (armour currently unavailable)
rPois    ∞         Spirit   .   (helmet currently unavailable)
rElec    .         Reflect  .   (cloak currently unavailable)
rCorr    .         Harm     .   (gloves currently unavailable)
MR       .....                  (boots currently unavailable)
Stlth    +++++.....             m - amulet of the acrobat
HPRegen  0.23/turn              (ring currently unavailable)
MPRegen  0.15/turn              (ring currently unavailable)

@: pig-form, heroism, slowed
A: small, deterioration 1, negative energy resistance 1, petrification
resistance, rot immunity, AC +9
a: Heroism, Finesse, Renounce Religion


You were on level 4 of the Lair of Beasts.
You worshipped Okawaru.
Okawaru was extremely pleased with you.
You were hungry.
You were a filthy swine.
You visited 3 branches of the dungeon, and saw 13 of its levels.
You visited the Abyss 1 time.
You also visited: Bailey.

You collected 613 gold pieces.

Inventory:

Hand Weapons
 a - a +0 morningstar
 b - the +8 trident of Jeehus (melded) {vorpal, Str+3 Dex+4}
   (You found it on level 1 of the Lair of Beasts)

   It inflicts extra damage upon your enemies.
   It affects your strength (+3).
   It affects your dexterity (+4).
 t - a +1 mace of protection
 C - a +2 dagger of venom
 E - a +1 trident of freezing
 M - a +3 trident
 Q - a +0 flail
Missiles
 g - 62 poisoned darts
 i - 39 sling bullets
 j - 76 bolts
 z - 4 throwing nets
 D - 31 boomerangs (quivered)
Armour
 c - a +1 kite shield (melded)
 q - a +2 plate armour of fire resistance
 u - a +0 pair of boots (melded)
 w - a scarf of invisibility
 y - a scarf of repulsion
 A - the +8 crystal plate armour of Cheibriados's Reproof (melded) {rElec rC+ SInv}
   (You acquired it on level 2 of the Lair of Beasts)

   It protects you from cold.
   It insulates you from electricity.
   It lets you see invisible.
 G - the +0 cloak of Okawaru's Favour (melded) {-Cast Dex+4}
   (Okawaru gifted it to you on level 4 of the Lair of Beasts)

   It affects your dexterity (+4).
   It prevents spellcasting.
 R - a +2 hat (melded)
Jewellery
 h - a +6 ring of strength (melded)
 m - an amulet of the acrobat (around neck)
 N - a ring of see invisible (melded)
Wands
 p - a wand of clouds (4)
 K - a wand of iceblast (3)
 S - a wand of random effects (13)
 U - a wand of acid (7)
Scrolls
 e - a scroll of enchant weapon {unknown}
 l - 4 scrolls of teleportation
 o - 4 scrolls of remove curse
 v - a scroll of noise {unknown}
 x - 7 scrolls of identify
 B - a scroll of fog {unknown}
 H - a scroll of enchant armour
 J - a scroll of blinking
 L - a scroll of acquirement
 O - a scroll of vulnerability {unknown}
 P - 2 scrolls of magic mapping
Potions
 k - 2 potions of curing {unknown}
 s - 2 potions of berserk rage {unknown}
Miscellaneous
 I - a phial of floods
Comestibles
 f - 31 rations
 F - 5 chunks of flesh


   Skills:
 * Level 8.6(13.6) Fighting
 + Level 9.8(14.8) Maces & Flails
 * Level 7.2(12.2) Polearms
 * Level 6.1(11.1) Throwing
 * Level 8.6(13.6) Armour
 + Level 2.1(7.1) Dodging
 * Level 7.9(12.9) Stealth
 + Level 10.6(15.6) Shields
 * Level 4.8 Invocations
 + Level 0.1 Evocations


You had 12 spell levels left.
You didn't know any spells.
Your spell library contained the following spells:

 Spells                   Type           Power        Failure   Level  Hunger
 Poisonous Vapours        Pois/Air       #.....       52%         2    ###....
 Confusing Touch          Hex            #.......     77%         3    ####...
 Conjure Flame            Conj/Fire      #.......     77%         3    ####...
 Gell's Gravitas          Tloc           #.........   77%         3    ####...
 Mephitic Cloud           Conj/Pois/Air  #.......     77%         3    ####...
 Petrify                  Tmut/Erth      #.......     99%         4    #####..
 Metabolic Englaciation   Hex/Ice        #.........   100%        5    ######.
 Yara's Violent Unravell  Hex/Tmut       #.........   100%        5    ######.
 Freezing Cloud           Conj/Ice/Air   #.........   100%        6    #######
 Ring of Flames           Chrm/Fire      #.........   100%        7    #######


Dungeon Overview and Level Annotations

Branches:
Dungeon (8/15)             Temple (1/1) D:5            Lair (4/6) D:8
  Snake (0/4) Lair:4       Bailey (visited)
  Swamp: Lair:2-4    Shoals: Lair:2-4

Altars:
Ashenzari
Cheibriados
Dithmenos
Elyvilon
Fedhas
Gozag
Hepliaklqana
Kikubaaqudgha
Makhleb
Nemelex Xobeh
Okawaru
Qazlal
Ru
Sif Muna
Trog
Uskayaw
Vehumet
Wu Jian
Xom
Yredelemnul
Zin
The Shining One

Shops:
D:6 (

Annotations:
D:8 3 runed translucent doors, Icepheonix32's ghost, novice TeAE
Lair:3 exclusion: 2 oklob plants
Lair:4 Kirke


Innate Abilities, Weirdness & Mutations

You are resistant to torment.
((Your stone body is resilient. (AC +9)))
You are immune to poison.
You resist negative energy. (rN+)
((You are resistant to electric shocks. (rElec)))
((You can survive without breathing.))
You are immune to petrification.
You are immune to rotting.
Your body sometimes deteriorates upon taking damage.


Message History

The hog bites you! Kirke gestures at you while chanting.
You struggle to resist.
A bullfrog comes into view.
The hog bites you! Kirke completely misses you.
Unknown command.
The bullfrog gives a loud, deep croak!
You hit Kirke but do no damage.
The blink frog blinks!
The hog barely misses you. The manticore bites you! The manticore claws you!
The manticore claws you.
* * * LOW HITPOINT WARNING * * *
A blink frog comes into view.
Kirke closely misses you.
You hit Kirke.
Kirke is lightly wounded.
The hog completely misses you. The manticore bites you!
* * * LOW HITPOINT WARNING * * *
Your body deteriorates!
You feel dopey. The manticore misses you. The manticore claws you!
You die...

#..............#
#..............##
##..............####
#...............#..#
###................#
#P........P......P#
####P#####P...#.###
### #...P# # #.÷h##
#......@hH#
......F§F..#
........$..#
....F.......#
......F.....#
....F........
.............#


You could see Kirke, a manticore (summoned), a hog, 4 blink frogs and a
bullfrog.

Vanquished Creatures
  An orc warlord (Bailey)
  Harold (D:7)
  2 hydras
  A queen ant (Lair:2)
  Urug (Lair:3)
  A black mamba (Lair:3)
  Psyche (D:8)
  3 torpor snails (Lair:3)
  3 spiny frogs
  A komodo dragon (Lair:3)
  A rime drake (Lair:1)
  2 polar bears
  A queen bee (Lair:2)
  4 blink frogs (Lair:3)
  6 dream sheep (Lair:4)
  5 hippogriffs
  A spriggan (D:8)
  2 wyverns (D:8)
  19 yaks (Lair:2)
  Eustachio (D:6)
  3 hogs (Lair:4)
  A steam dragon (D:8)
  Duvessa (D:7)
  20 soldier ants (Lair:2)
  9 porcupines
  4 water moccasins
  A sky beast (D:8)
  3 orc warriors (Bailey)
  3 ice beasts (D:5)
  A phantom (D:5)
  An ogre (D:4)
  3 wolves (Lair:4)
  A necrophage (D:8)
  2 crocodiles
  7 bullfrogs
  Dowan (D:7)
  A scorpion (D:4)
  22 killer bees
  An electric eel (Lair:1)
  4 crimson imps
  5 hounds
  3 orc priests (D:7)
  2 jellies
  2 bullfrog skeletons
  A centaur skeleton (D:6)
  An iron imp (D:8)
  2 iguanas
  3 orc wizards
  24 worker ants
  2 hound skeletons
  A hound zombie (D:6)
  3 worker ant zombies
  A gnoll (Bailey)
  12 adders
  A worm (D:4)
  A dart slug (D:3)
  7 leopard geckos
  11 orcs
  9 giant cockroaches
  10 goblins
  13 hobgoblins
  5 jackals
  A quokka (D:5)
  2 ball pythons
  6 bats
  5 frilled lizards
  2 goblin skeletons (D:8)
  2 goblin zombies (D:8)
  8 hobgoblin zombies (D:8)
  17 kobolds
  A kobold zombie (D:8)
  A leopard gecko skeleton (D:4)
  An orc skeleton (D:8)
  An orc zombie (D:8)
  A quokka zombie (D:6)
  7 rats
  A plant (Lair:1)
321 creatures vanquished.

Vanquished Creatures (others)
  A bush (Lair:2)
  3 fungi (Lair:2)
  2 plants (Lair:2)
6 creatures vanquished.

Grand Total: 327 creatures vanquished

Notes
Turn   | Place    | Note
-------+----------+-------------------------------------------
     0 | D:1      | Balder the Gargoyle Fighter began the quest for the Orb.
     0 | D:1      | Reached XP level 1. HP: 14/14 MP: 1/1
   135 | D:1      | Reached XP level 2. HP: 19/19 MP: 2/2
   417 | D:1      | Reached XP level 3. HP: 23/23 MP: 3/3
   790 | D:2      | Reached skill level 1 in Stealth
   962 | D:2      | Reached XP level 4. HP: 25/29 MP: 4/4
  2679 | D:4      | Reached skill level 4 in Shields
  2679 | D:4      | Reached XP level 5. HP: 33/33 MP: 5/5
  2708 | D:4      | Reached skill level 1 in Dodging
  2846 | D:4      | Noticed an ogre
  2853 | D:4      | Killed an ogre
  2853 | D:4      | Reached XP level 6. HP: 21/38 MP: 6/6
  2890 | D:4      | Found a stormy altar of Qazlal.
  3051 | D:4      | Reached skill level 1 in Throwing
  3460 | D:5      | Entered Level 5 of the Dungeon
  3460 | D:5      | Noticed a phantom
  3520 | D:5      | Killed a phantom
  3520 | D:5      | Reached XP level 7. HP: 39/43 MP: 7/7
  3610 | D:5      | Reached skill level 5 in Shields
  3620 | D:5      | Got a warped robe
  4046 | D:5      | Reached skill level 5 in Maces & Flails
  4065 | D:5      | Reached XP level 8. HP: 30/48 MP: 8/8
  4198 | D:5      | Found a staircase to the Ecumenical Temple.
  4209 | Temple   | Entered the Ecumenical Temple
  4376 | Temple   | Became a worshipper of Warmaster Okawaru
  4750 | D:6      | Identified the +3 robe of Henotheism {Dex+4} (You found it
                  | on level 5 of the Dungeon)
  4760 | D:6      | Noticed Eustachio
  4782 | D:6      | Killed Eustachio
  4782 | D:6      | Reached skill level 5 in Armour
  4823 | D:6      | Found Koevaj's Antique Weapon Emporium.
  4976 | D:6      | Reached skill level 6 in Shields
  6068 | D:7      | Found a blossoming altar of Fedhas.
  6177 | D:7      | Noticed Duvessa
  6178 | D:7      | Noticed Dowan
  6229 | D:7      | Killed Duvessa
  6229 | D:7      | Reached * piety under Okawaru
  6260 | D:7      | Killed Dowan
  6260 | D:7      | Reached XP level 9. HP: 22/53 MP: 9/9
  6521 | D:7      | Reached skill level 5 in Fighting
  6526 | D:7      | Noticed Harold
  6578 | D:7      | Killed Harold
  6578 | D:7      | Reached skill level 7 in Shields
  6774 | D:8      | Noticed Psyche
  6778 | D:8      | Cast into level 2 of the Abyss (Psyche)
  6795 | Abyss:2  | Gained mutation: Your body sometimes deteriorates upon
                  | taking damage. [a neqoxec]
  6802 | D:8      | Escaped the Abyss
  6816 | D:8      | Found a flagged portal.
  6825 | D:8      | Killed Psyche
  6827 | D:8      | HP: 2/55 [wyvern (10)]
  6838 | D:8      | HP: 1/55 [killer bee (3)]
  7085 | Bailey   | Entered a bailey
  7111 | Bailey   | Noticed an orc warlord
  7300 | Bailey   | Reached ** piety under Okawaru
  7300 | Bailey   | Reached XP level 10. HP: 50/60 MP: 10/10
  7317 | Bailey   | Found a runed translucent gate.
  7317 | Bailey   | Found a runed translucent gate.
  7332 | Bailey   | Found a runed translucent gate.
  7495 | Bailey   | Killed an orc warlord
  7495 | Bailey   | Reached skill level 5 in Stealth
  7495 | Bailey   | Reached skill level 8 in Shields
  7941 | D:8      | Reached *** piety under Okawaru
  7964 | D:8      | Noticed a cyan ugly thing
  7964 | D:8      | Noticed Icepheonix32's ghost (novice TeAE)
  8016 | D:8      | Found a runed translucent gate.
  8016 | D:8      | Found a runed translucent gate.
  8016 | D:8      | Found a runed translucent gate.
  8339 | D:8      | Found a shimmering altar of Xom.
  8349 | D:8      | Found a staircase to the Lair.
  8409 | D:8      | Found a burning altar of Makhleb.
  8409 | D:8      | Found a basalt altar of Yredelemnul.
  8409 | D:8      | Found a hazy altar of Hepliaklqana.
  8482 | D:8      | Found a glowing golden altar of the Shining One.
  8711 | Lair:1   | Entered Level 1 of the Lair of Beasts
  8858 | Lair:1   | Got a steaming trident
  8861 | Lair:1   | Identified the +8 trident of Jeehus {vorpal, Str+3 Dex+4}
                  | (You found it on level 1 of the Lair of Beasts)
  9037 | Lair:1   | Reached skill level 9 in Shields
  9821 | Lair:2   | Identified 2 scrolls of acquirement
  9821 | Lair:2   | Acquired the +8 crystal plate armour of Cheibriados's
                  | Reproof {rElec rC+ SInv}
  9938 | Lair:2   | Reached XP level 11. HP: 67/67 MP: 11/11
  9974 | Lair:2   | Reached skill level 1 in Polearms
  9974 | Lair:2   | Reached skill level 1 in Invocations
 10008 | Lair:2   | Reached **** piety under Okawaru
 10549 | Lair:2   | Received a gift from Okawaru
 10752 | Lair:2   | Reached ***** piety under Okawaru
 10768 | Lair:2   | Noticed a queen ant
 10780 | Lair:2   | Killed a queen ant
 10877 | Lair:2   | Received a gift from Okawaru
 10931 | Lair:2   | Reached skill level 5 in Throwing
 10938 | Lair:2   | Reached XP level 12. HP: 73/73 MP: 14/14
 10995 | Lair:2   | Reached skill level 5 in Polearms
 11000 | Lair:2   | Reached skill level 10 in Shields
 11211 | Lair:2   | Noticed a six-headed hydra
 11232 | Lair:2   | Killed a six-headed hydra
 12029 | Lair:3   | Noticed Urug
 12040 | Lair:3   | Killed Urug
 12331 | Lair:3   | Found a snail-covered altar of Cheibriados.
 12601 | Lair:4   | Found a staircase to the Snake Pit.
 12641 | Lair:4   | Received a gift from Okawaru
 12656 | Lair:4   | Got a bloodstained cloak {god gift}
 12667 | Lair:4   | Identified the +0 cloak of Okawaru's Favour {-Cast Dex+4}
                  | (Okawaru gifted it to you on level 4 of the Lair of Beasts)
 12679 | Lair:4   | Noticed a seven-headed hydra
 12695 | Lair:4   | Killed a seven-headed hydra
 12865 | Lair:4   | Reached XP level 13. HP: 74/79 MP: 16/16
 12874 | Lair:4   | Noticed Kirke
 12885 | Lair:4   | Slain by a manticore

Illustrated notes

Levels and vault maps discovered:
D:1:      lightli_arrival_noodles, layout_rooms, hangedman_decor_points,
          st_stairs_1, chequers_serial_rivers_large_a
D:2:      layout_basic, glass_columns_b
D:3:      layout_basic
D:4:      layout_cave_pools, lemuel_coloured_pillars_altar, first_ration,
          cheibrodos_sewer_entry_bend, grunt_ministairs_15
D:5:      layout_basic, minmay_temple_entry_gardened_gates
D:6:      layout_layer_cave, serial_shops, shop, minmay_microvault,
          uniq_eustachio
D:7:      layout_basic, basic_altar, uniq_harold, uniq_duvessa
D:8:      layout_loops_ring, nicolae_tso_besieged_by_evil, xom_teletrap_fun,
          chequers_temple_overflow_statue_of_worship, lair_entry_dummy,
          gammafunk_ghost_split, enter_bailey_2, the_bakery, uniq_psyche
Temple:   eino_temple_scatter_basement
Lair:1:   layout_layer_cave, grunt_forest_stairs_basic, grunt_megastairs_3,
          serial_bayou_shore_a
Lair:2:   layout_gridlike, special_room [special_room_bee], minivault_26,
          serial_bayou_pond_a, minivault_29
Lair:3:   layout_big_grid, kennysheep_snail_temple, grunt_megastairs_5,
          lemuel_fruit_tree, minmay_lair_oklob_chamber, lemuel_fruit_fields,
          uniq_urug
Lair:4:   layout_cave_pods, swamp_mist, dummy_snake_entry, uniq_kirke

Skill      XL: |  1  2  3  4  5  6  7  8  9 10 11 12 |
---------------+-------------------------------------+-----
Stealth        | 1 2 3 4 5 6 7 |  7.9
Armour         | 4 5 6 7 8 |  8.6
Maces & Flails | 3 4 5 6 8 9 |  9.8
Shields        | 4 5 6 7 9 10 | 10.6
Dodging        | 1 2 |  2.1
Fighting       | 4 5 7 8 |  8.6
Throwing       | 1 2 3 4 5 6 |  6.1
Polearms       | 4 7 |  7.2
Invocations    | 3 4 |  4.8
Evocations     | |  0.1

Action                   |  1- 3 |  4- 6 |  7- 9 | 10-12 | 13-15 || total
-------------------------+-------+-------+-------+-------+-------++-------
Melee: Flail             |   128 |     5 |    37 |     3 |       ||   173
       Mace              |       |   199 |   389 |   369 |       ||   957
       Trident           |       |       |       |   606 |     3 ||   609
       Morningstar       |       |       |       |    20 |       ||    20
       Unarmed           |       |       |       |       |     3 ||     3
Throw: Dart              |       |     4 |       |       |       ||     4
       Boomerang         |       |       |    23 |     2 |       ||    25
Invok: Heroism           |       |       |     4 |     7 |     1 ||    12
 Abil: Evoke Invisibilit |       |       |       |     1 |       ||     1
  Use: Scroll            |     2 |     3 |     7 |     8 |       ||    20
       Potion            |       |       |     4 |    10 |       ||    14
 Stab: Invisible         |       |       |       |     6 |       ||     6
  Eat: Chunk             |       |     8 |     6 |     7 |       ||    21
       Ration            |       |       |     3 |     3 |       ||     6
Armor: Scale mail        |    67 |    63 |       |       |       ||   130
       Chain mail        |       |    42 |   226 |    18 |       ||   286
       Plate armour      |       |       |       |   104 |       ||   104
       Crystal plate arm |       |       |       |   495 |     2 ||   497
Dodge: Dodged            |    51 |    59 |   144 |   232 |    10 ||   496
Block: Kite shield       |    63 |    91 |   260 |   731 |     2 ||  1147
